[Event "Late-Titled-Tuesday-Blitz-May-28-2024"]
[Site "Chess.com"]
[Date "2024.05.28"]
[Round "6"]
[White "SaiHanThiha"]
[Black "Tol_Tol"]
[Result "1-0"]
[WhiteElo "2516"]
[BlackElo "2352"]
[TimeControl "180+1"]
[EndTime "15:07:41 PDT"]
[Termination "SaiHanThiha won by checkmate"]

1. Nf3 Nf6 2. g3 g6 3. b3 Bg7 4. Bb2 d6 5. d4 a5 6. Bg2 a4 7.
O-O O-O 8. c4 Nbd7 9. b4 Nb6 10.
Qc1 d5 11. Ne5 dxc4 12. Nxc4 c6 13. a3 Nxc4 14. Qxc4 Be6 15. Qc2 Bb3 16. Qd3 Qd7 17.
Nd2 Be6 18. Nc4 Qc7 19. e4 Rfd8 20. Rac1 Bxc4 21. Qxc4 Qb6 22. Rfd1 Nd7 23. h4 Qa6 24. Qc2 Rac8 25. h5 gxh5 26. Bf1 Qb6 27. Qxa4 Nf6 28.
Qc2 Ng4 29. Bh3 Qc7 30. Qe2 Qd7 31. f3 f5 32. exf5 Nf6 33. g4 hxg4 34. fxg4 Qd6 35. Qh2 Qd5 36. Bg2 Qa2 37. Rc2 Rd6 38. g5 Nd5 39. Re2 Qb3 40. Rde1 Rcd8 41. Be4 Qc4 42. f6 exf6 43. Qxh7+ Kf8 44. Bg6 R6d7 45. Re8+ Rxe8 46. Rxe8# 1-0

[Event "Late-Titled-Tuesday-Blitz-May-28-2024"]
[Site "Chess.com"]
[Date "2024.05.28"]
[Round "6"]
[White "RAU4ever"]
[Black "yaguigor"]
[Result "1/2-1/2"]
[WhiteElo "2372"]
[BlackElo "2587"]
[TimeControl "180+1"]
[EndTime "15:07:42 PDT"]
[Termination "Game drawn by repetition"]

1. e4 c5 2. Nf3 Nc6 3. d4 cxd4 4. Nxd4 Qb6 5. Nb3 Nf6 6. Nc3 e6 7. Be3 Qc7 8. Nb5 Qb8 9. Bd3 d5 10. Qf3 Ne5 11. Qg3 Nxd3+ 12. cxd3 e5 13. Rc1 Bb4+ 14.
Bd2 Bxd2+ 15. Nxd2 O-O 16. Nc7 Be6 17. Nxa8 Qxa8 18. Qxe5 dxe4 19. Nxe4 Nxe4 20. dxe4 Bxa2 21. O-O Re8 22. Qf4 b5 23. e5 Qd5 24. Rfe1 Bb3 25. Rc3 a5 26. Rg3 Re6 27. h4 h6 28. h5 a4 29. Rc1 Bc4 30. Re3 Qd2 31. Rxc4 bxc4 32. Qxc4 Qd1+ 33. Kh2 Qxh5+ 34. Kg1 Qd1+ 35. Kh2 Qh5+ 36.
Kg1 Rxe5 37. Rxe5 Qxe5 38. Qxa4 Qxb2 39. Qa8+ Kh7 40. Qe4+ g6 41. g3 Qb3 42. Qe5 h5 43.
Qf6 Qd5 44. Kh2 Qe6 45. Qd4 Qf5 46. Kg1 Qf3 47. Kh2 Qf5 48. Kg1 g5 49. Kh2 Kg6 50. Kg1 f6 51. Kg2 Qe5 52. Qd8 Qe4+ 53. Kg1 Qe6 54. Qd4 Kh6 55. Qd8 Kg6 56. Qd4 Qe1+ 57. Kg2 Qe5 58. Qd8 Qe4+ 59. Kg1 Qe1+ 60. Kg2 Qe4+ 1/2-1/2

[Event "Late-Titled-Tuesday-Blitz-May-28-2024"]
[Site "Chess.com"]
[Date "2024.05.28"]
[Round "6"]
[White "crazycheesecake"]
[Black "Hakiki_satranc"]
[Result "0-1"]
[WhiteElo "2143"]
[BlackElo "2403"]
[TimeControl "180+1"]
[EndTime "15:07:43 PDT"]
[Termination "Hakiki_satranc won by resignation"]

1. Nf3 d5 2. c4 e6 3. g3 c6 4. b3 Be7 5. Bb2 Bf6 6. Nc3 h5 7. Bg2 h4 8. d4 hxg3 9. hxg3 Rxh1+ 10. Bxh1 dxc4 11. bxc4 c5 12. Ne4 cxd4 13. Nxf6+ Nxf6 14. Nxd4 a6 15. Qb3 Qc7 16. Ba3 Nbd7 17. Qb4 Ng8 18.
Rd1 Rb8 19. Bf3 a5 20. Nxe6 axb4 21. Nxc7+ Kd8 22. Bxb4 Kxc7 23. Bd6+ Kb6 24. Bxb8 Nxb8 25. Rd8 Ne7 26. Re8 Nbc6 27. Bxc6 Kxc6 28. Rxe7 Be6 29. Re8 Bxc4 30. Ra8 g6 31. e4 Kc5 32. Rc8+ Kd4 33.
f3 Bxa2 34. Rc7 Ke3 35. Rxb7 Kxf3 36. e5 Kxg3 37. Ke2 Kf4 38. Rb5 Ke4 39. Ra5 Bd5 40. Kf2 Kxe5 41. Ke3 f5 42. Ra7 g5 43. Re7+ Kf6 44. Rd7 f4+ 45. Kf2 Ke5 46. Rg7 Kf5 47.
Rd7 Be4 48. Rf7+ Ke5 49. Rg7 Kf5 50. Rf7+ Kg6 51. Re7 Bd5 52. Re5 Ba8 53. Ra5 Be4 54. Re5 Bf5 55. Ra5 g4 56. Kg2 Kg5 57. Ra8 Be4+ 58.
Kf2 Bxa8 0-1

[Event "Late-Titled-Tuesday-Blitz-May-28-2024"]
[Site "Chess.com"]
[Date "2024.05.28"]
[Round "6"]
[White "brunoo2003"]
[Black "jcmesafischer"]
[Result "1-0"]
[WhiteElo "2584"]
[BlackElo "2361"]
[TimeControl "180+1"]
[EndTime "15:07:45 PDT"]
[Termination "brunoo2003 won by checkmate"]

1. c4 Nf6 2. Nf3 e6 3. g3 d5 4.
Bg2 Be7 5. d4 O-O 6. O-O dxc4 7.
Nc3 a6 8. Ne5 c5 9. dxc5 Bxc5 10.
Nxc4 Qc7 11. Qb3 Nc6 12. Bf4 e5 13. Bg5 Be6 14. Bxf6 Na5 15. Bxe5 Nxb3 16. Bxc7 Nxa1 17. Bxb7 Ra7 18. Bd6 Bxd6 19. Nxd6 Nc2 20. Rc1 Nd4 21. Bg2 Rd8 22. Nb7 Rb8 23. Na5 Rxb2 24. Rd1 Rd7 25. Kf1 Rc2 26. Ne4 Rxa2 27. Nc5 Rxa5 28. Nxd7 Bxd7 29.
e3 Bb5+ 30. Kg1 Ne6 31. Kh1 Kf8 32. f4 g6 33. e4 Ra2 34. e5 Rc2 35. Be4 Bc6 36.
Bxc6 Rxc6 37. Ra1 h5 38. Kg2 Nd4 39. Kf2 Nb3 40. Ra3 Rb6 41. Ke3 a5 42. Kd3 Ke7 43.
Kc4 Rb4+ 44. Kc3 Nc5 45. Rxa5 Rb2 46. Kc4 Rxh2 47. Ra7+ Kf8 48. Kxc5 Kg7 49. e6 Rc2+ 50.
Kd4 Kf8 51. Rxf7+ Ke8 52. Ke5 Rc3 53. Kf6 Rxg3 54. Ra7 Kd8 55. e7+ Kc8 56. e8=Q# 1-0

[Event "Late-Titled-Tuesday-Blitz-May-28-2024"]
[Site "Chess.com"]
[Date "2024.05.28"]
[Round "6"]
[White "Quattroporte300"]
[Black "lamomiablanca"]
[Result "0-1"]
[WhiteElo "2401"]
[BlackElo "2627"]
[TimeControl "180+1"]
[EndTime "15:07:46 PDT"]
[Termination "lamomiablanca won on time"]

1. e4 e5 2. Nf3 Nc6 3. Bc4 Bc5 4. c3 Nf6 5. d3 h6 6. O-O d6 7. Nbd2 a6 8. Bb3 Ba7 9. Re1 O-O 10.
h3 Re8 11. Nf1 d5 12. Ng3 Be6 13. exd5 Bxd5 14. Nf5 Bxb3 15. axb3 Qd7 16. Ne3 Rad8 17. Nc4 e4 18. Nh4 exd3 19. Be3 Bxe3 20. Rxe3 Rxe3 21.
Nxe3 Ne5 22. Nhf5 Kh7 23. Ra4 d2 24. Rd4 Qe8 25. Qxd2 Rxd4 26. Qxd4 g6 27. Qh4 Ng8 28. Ng3 Nd3 29. Qc4 Nxb2 30. Qxc7 Qe7 31. Qf4 Nd3 32. Qd4 Nc5 33. b4 Ne6 34. Qe5 Qc7 35. Qxc7 Nxc7 36. Ne4 b5 37. Nc5 Kg7 38. Kf1 Kf6 39. Ke2 Ke5 40. Kd3 Ne7 41. Ng4+ Kd5 42. Nxh6 a5 43.
Nxf7 a4 44. Ng5 Nc6 45. Nf3 a3 46. Kc2 Kd6 47. Kb3 Nd5 48. Kxa3 Nxc3 49. Kb3 Nd1 50.
Ne4+ Kd5 51. Kc2 Kxe4 52. Kxd1 Nxb4 53. Nd2+ Kd3 54. Nb3 Nd5 55. g4 g5 56. Nc5+ Kc3 57.
Ne4+ Kb2 58. Nxg5 b4 59. Ne4 Nc3+ 60. Ke1 Nxe4 61. h4 Kc2 62. h5 b3 63. h6 b2 64. h7 b1=Q+ 0-1

[Event "Late-Titled-Tuesday-Blitz-May-28-2024"]
[Site "Chess.com"]
[Date "2024.05.28"]
[Round "6"]
[White "lamomiajunior"]
[Black "jcibarra"]
[Result "0-1"]
[WhiteElo "2739"]
[BlackElo "2907"]
[TimeControl "180+1"]
[EndTime "15:07:47 PDT"]
[Termination "jcibarra won on time"]

1. d4 Nf6 2. Nc3 d6 3. e4 e5 4. Nf3 exd4 5. Nxd4 Be7 6. Bf4 O-O 7. Qd2 d5 8. e5 Nh5 9. Nb3 Nxf4 10. Qxf4 c5 11. h4 Nc6 12. O-O-O Be6 13. Nxd5 Bxd5 14.
c4 Qc7 15. Rxd5 Nb4 16. Kb1 Rad8 17. Rxd8 Rxd8 18. Be2 Nc6 19. Bf3 Qxe5 20. Qxe5 Nxe5 21. Bd5 b5 22. Re1 Bf6 23. Nxc5 bxc4 24. Be4 Rd2 25. f4 Bxh4 26. Rh1 Bf2 27. Bxh7+ Kf8 28. Ne4 Re2 29. Nxf2 Nd7 30. Nd1 g6 31. f5 Kg7 32. fxg6 fxg6 33. Nc3 Rxg2 34. Nd5 Nf8 35. Nf4 Rg4 36. Bxg6 Rxf4 37. Bc2 Kf6 38. Rd1 Ke7 39. a3 Ne6 40. Ba4 Nd4 41. Bc2 Kd6 42. Rh1 Rf2 43.
Rh6+ Kc5 44. Ba4 Rf1+ 45. Ka2 Rf2 46. Kb1 Nf3 47. Rh5+ Kd4 48. Rh6 Nd2+ 49. Ka2 Ne4 50. Kb1 c3 51. Bc2 Nd2+ 52. Ka2 Nc4 53. bxc3+ Kxc3 54. Rh3+ Kxc2 0-1

[Event "Late-Titled-Tuesday-Blitz-May-28-2024"]
[Site "Chess.com"]
[Date "2024.05.28"]
[Round "6"]
[White "Connectedcloud"]
[Black "HajiyevKanan"]
[Result "0-1"]
[WhiteElo "2221"]
[BlackElo "2468"]
[TimeControl "180+1"]
[EndTime "15:07:48 PDT"]
[Termination "HajiyevKanan won by checkmate"]

1. e4 a6 2. d4 b5 3. Nf3 Bb7 4. Bd3 Nf6 5. Qe2 e6 6. c3 c5 7. O-O Be7 8. Nbd2 O-O 9. a4 d6 10. axb5 axb5 11. Rxa8 Bxa8 12. Bxb5 cxd4 13. cxd4 Qb6 14.
Bd3 Nc6 15. Nc4 Qb3 16. Be3 Nb4 17. Bb1 Nxe4 18. Nfd2 Nxd2 19. Bxd2 Bd5 20. Ne3 Bb7 21. Bc3 Ba6 22. Qd1 Qxd1 23. Rxd1 d5 24. f3 Rb8 25. Kf2 Bd6 26. g3 Kf8 27. Rd2 g6 28. f4 h5 29.
Rd1 Ke7 30. Rd2 Nc6 31. Bd3 Bxd3 32. Rxd3 Rb3 33. Rd2 Kd7 34. Nd1 Nb4 35. Ne3 Na2 36. Nd1 Kc6 37. Rc2 Kb5 38. Bd2 Kb6 39. Bc3 Kb7 40. h3 Bb4 41. h4 Kb6 42. Ke2 Kb5 43.
Kd3 Bxc3 44. Nxc3+ Kb4 45. Kd2 Nxc3 46. bxc3+ Kc4 47.
Rc1 Rb2+ 48. Rc2 Rb1 49. Ra2 Rg1 50. Ra4+ Kb5 51. Ra7 Rg2+ 52. Kc1 Rxg3 53. Rxf7 Rxc3+ 54. Kd2 Rh3 55. Rf6 Rxh4 56. Rxe6 Rg4 57. Ke3 h4 58. Kf3 Rg3+ 59. Kf2 Kc4 60. Rd6 Kxd4 61. Rf6 Ke4 62. f5 gxf5 63. Re6+ Kf4 64. Rd6 Ke5 65. Ra6 d4 66. Ra4 Ke4 67. Ra5 f4 68. Ra4 Rc3 69.
Ra8 Rc2+ 70. Ke1 d3 71. Re8+ Kf3 72. Kd1 h3 73. Rd8 Ke3 74. Re8+ Kf3 75. Rd8 Rc3 76. Kd2 Ra3 77. Rh8 h2 78. Rg8 h1=Q 79. Rg3+ Ke4 80.
Re3+ fxe3# 0-1

[Event "Late-Titled-Tuesday-Blitz-May-28-2024"]
[Site "Chess.com"]
[Date "2024.05.28"]
[Round "6"]
[White "JonasGallasch"]
[Black "DirtyKabab"]
[Result "1-0"]
[WhiteElo "2443"]
[BlackElo "2551"]
[TimeControl "180+1"]
[EndTime "15:07:51 PDT"]
[Termination "JonasGallasch won on time"]

1. e4 e6 2. d3 d5 3. Nd2 a5 4. g3 a4 5. a3 c5 6. Bg2 Nc6 7. Ngf3 Nf6 8. O-O Be7 9. Re1 O-O 10. e5 Nd7 11. Nf1 f6 12. exf6 Nxf6 13. Ne5 Nxe5 14. Rxe5 Bd6 15. Re1 h6 16. c4 d4 17. Nd2 e5 18. Ne4 Bg4 19. f3 Bf5 20. Bd2 Nxe4 21. fxe4 Be6 22. Qh5 Qd7 23. Rf1 b5 24. cxb5 c4 25.
Bxh6 cxd3 26. Qg6 Rf7 27. b6 Raf8 28. b7 Rb8 29. Rac1 Rxf1+ 30. Bxf1 Bf8 31. Bxd3 Rxb7 32.
Bd2 Bf7 33. Qf5 Qxf5 34. exf5 Bd5 35. Rc2 e4 36. Ba6 Rb6 37. Bf1 d3 38. Rc8 Rxb2 39. Bb4 Rxb4 40. axb4 d2 41. Be2 Kf7 42. b5 Bb3 43. b6 Bd6 44. b7 a3 45. Rd8 Be5 46.
Ra8 Bd4+ 47. Kg2 Be5 48. Kf2 e3+ 49. Kxe3 d1=Q 50. Bxd1 Bxd1 51. Rxa3 Bc2 52. Ra8 Bxf5 53. b8=Q Bxb8 54. Rxb8 Kg6 55. Kf4 1-0

[Event "Late-Titled-Tuesday-Blitz-May-28-2024"]
[Site "Chess.com"]
[Date "2024.05.28"]
[Round "6"]
[White "Eloist"]
[Black "KejJaj"]
[Result "1/2-1/2"]
[WhiteElo "2444"]
[BlackElo "2159"]
[TimeControl "180+1"]
[EndTime "15:07:51 PDT"]
[Termination "Game drawn by repetition"]

1. e4 g6 2. d4 Bg7 3. Nc3 d6 4. Nf3 a6 5. Bc4 b5 6. Bd5 c6 7.
Bb3 Nf6 8. e5 Ng4 9. h3 Nh6 10.
O-O O-O 11. exd6 exd6 12. Bg5 Qb6 13. Ne4 d5 14. Nf6+ Kh8 15. Ne5 Ng8 16. Nxg8 Kxg8 17. Be7 Re8 18. Bc5 Qc7 19. Nd3 Nd7 20. c3 Nxc5 21.
Nxc5 Bf5 22. g4 Be4 23. Bc2 Bxc2 24. Qxc2 Qf4 25. Kg2 h5 26. Nd3 Qg5 27. f4 Qh4 28.
Qf2 Qxf2+ 29. Kxf2 hxg4 30. hxg4 Re4 31. Rfe1 Rae8 32.
Rxe4 Rxe4 33. Re1 Rxe1 34. Kxe1 a5 35. a4 bxa4 36. Nc5 Bf8 37. Nxa4 f5 38. gxf5 gxf5 39. Ke2 Bd6 40. Kf3 Kf7 41. b3 Ke7 42. Nb2 Ba3 43. Nd3 Ke6 44. Ne5 Kd6 45. Ke3 Bb2 46. Kd3 Bc1 47.
Ng6 Ke6 48. Kc2 Be3 49. Kd3 Bc1 50. Kc2 Ba3 51. Ne5 Kd6 52. c4 Bb4 53. Kd3 dxc4+ 54. Nxc4+ Kd5 55. Ne3+ Ke6 56. Kc4 Bd2 57. d5+ cxd5+ 58.
Nxd5 Kd6 59. Kd4 Be1 60. Kc4 Bd2 61. Kd4 Be1 62. Kc4 Bd2 1/2-1/2

[Event "Late-Titled-Tuesday-Blitz-May-28-2024"]
[Site "Chess.com"]
[Date "2024.05.28"]
[Round "6"]
[White "Jahonas"]
[Black "Maikrosoft63"]
[Result "1-0"]
[WhiteElo "2455"]
[BlackElo "2594"]
[TimeControl "180+1"]
[EndTime "15:07:54 PDT"]
[Termination "Jahonas won by resignation"]

1. d4 Nf6 2. Nf3 e6 3. c3 c5 4. e3 Be7 5. Be2 O-O 6. O-O b6 7. Nbd2 Bb7 8. b3 d6 9. Bb2 Nbd7 10. c4 cxd4 11. Nxd4 a6 12. Bf3 Qc7 13. Qe2 Rac8 14.
Rfd1 Rfd8 15. Rac1 Ne5 16. Bxb7 Qxb7 17. N2f3 Ng6 18. h3 Ne4 19. Rc2 h6 20. Rdc1 Bf6 21. a3 Qd7 22. Nd2 Nc5 23. b4 Na4 24. Ba1 Rc7 25. Ne4 Be7 26. b5 axb5 27. cxb5 Rxc2 28. Qxc2 Nc5 29. Nc6 Ra8 30. Nxc5 dxc5 31. a4 Bf6 32.
Bxf6 gxf6 33. Rd1 Qc7 34. Qe4 Kg7 35. Ne5 Rd8 36. Rxd8 Qxd8 37. Nxg6 fxg6 38. Qxe6 Qd1+ 39. Kh2 Qxa4 40. Qe7+ Kg8 41. Qd8+ Kf7 42. Qc7+ Kf8 43. Qxb6 c4 44. Qxf6+ Ke8 45. Qxg6+ Kd8 46. Qd6+ Kc8 47. b6 Qd7 48. Qc5+ Kb7 49. Qxc4 Qd6+ 50. Qf4 Qxb6 51. g4 Qe6 52. Kg3 Qa6 53. h4 Qf1 54. Qf3+ Kc7 55. Qf4+ Kd8 56. Qd6+ Ke8 57. Qe6+ Kd8 58. Qxh6 Qg1+ 59.
Kf3 Qd1+ 60. Kf4 Qa4+ 61. e4 Qd1 62. Qg5+ Kd7 63. Qd5+ 1-0

[Event "Late-Titled-Tuesday-Blitz-May-28-2024"]
[Site "Chess.com"]
[Date "2024.05.28"]
[Round "6"]
[White "Konavets"]
[Black "AlexeiShirov"]
[Result "1-0"]
[WhiteElo "3099"]
[BlackElo "2914"]
[TimeControl "180+1"]
[EndTime "15:07:57 PDT"]
[Termination "Konavets won on time"]

1. e4 e5 2. Nf3 Nc6 3. Bc4 Nf6 4. d3 Bc5 5. O-O O-O 6. c3 d5 7. exd5 Nxd5 8. a4 a5 9. Re1 Bg4 10. h3 Bh5 11. Nbd2 Nb6 12. Bb3 Qxd3 13. Nxe5 Bxd1 14. Nxd3 Bxb3 15. Nxc5 Bc2 16. b3 Rfe8 17. Nf3 Nd5 18. Ra2 Bg6 19. Nxb7 Nxc3 20. Rd2 Rxe1+ 21. Nxe1 Rb8 22. Nc5 Ne4 23. Nxe4 Bxe4 24. Rd7 Rxb3 25. f3 Bf5 26. Rxc7 Nd4 27. Bd2 Ra3 28. Rc4 Nb3 29. Rc3 Be6 30. Rd3 h6 31. Bxa5 Rxa4 32. Bc3 Ra2 33.
Re3 Nc5 34. Bd4 Nb3 35. Be5 Nc5 36. Kh2 Nd7 37. Bc3 Ra3 38. Nc2 Ra2 39. Nb4 Ra3 40. Nc2 Ra2 41. Nd4 Nc5 42. Bb4 Na6 43. Bd6 Bd5 44.
Re5 Bb7 45. Kg3 Rd2 46. Nf5 Kh7 47. Re7 Bc8 48. Bf4 Rd7 49. Re8 Bb7 50. Be5 Rd5 51.
Nxg7 Rxe5 52. Rxe5 Kxg7 53. Rb5 Bc8 54. Rb6 f6 55.
Kh4 Kg6 56. g4 Kg7 57. Kh5 Nc5 58. Rc6 Ne6 59. Rxc8 1-0

[Event "Late-Titled-Tuesday-Blitz-May-28-2024"]
[Site "Chess.com"]
[Date "2024.05.28"]
[Round "6"]
[White "mostafa_sakha"]
[Black "ATM622"]
[Result "1-0"]
[WhiteElo "2379"]
[BlackElo "2577"]
[TimeControl "180+1"]
[EndTime "15:07:57 PDT"]
[Termination "mostafa_sakha won by resignation"]

1. d4 d5 2. c4 e6 3. Nc3 Nf6 4.
cxd5 exd5 5. Bg5 c6 6. e3 Nbd7 7. Bd3 h6 8. Bh4 Be7 9. Nge2 O-O 10. Qc2 Re8 11. Bg3 Nf8 12. O-O Bd6 13. Bxd6 Qxd6 14. Ng3 h5 15. Rad1 h4 16. Nf5 Bxf5 17. Bxf5 g6 18. Bh3 Ne4 19. f3 Ng5 20. Bg4 Rxe3 21. Qf2 Qe7 22. f4 Ngh7 23. f5 gxf5 24. Bxf5 Ng6 25. Qc2 Qg5 26. Rf2 Rae8 27. Rdf1 Nhf8 28.
Bxg6 Qxg6 29. Qb3 R8e7 30. h3 Rxh3 31. Nxd5 cxd5 32. Qxh3 Qg5 33. Rf5 Qe3+ 34. Qxe3 Rxe3 35. Rxf7 Ng6 36. Rxb7 Re2 37. Rc1 Re8 38. Rbc7 a5 39. Rc8 Kf7 40. Rxe8 Kxe8 41. Rc5 Nf4 42. Rxa5 Kd7 43.
Kf2 Kc6 44. Kf3 Nd3 45. Ra6+ Kb5 46. Rh6 Nxb2 47. Rxh4 Kc4 48. g4 Kxd4 49. g5+ Ke5 50. a4 Nc4 51. Rxc4 dxc4 52. Ke3 Kf5 53. a5 c3 54. Kd3 Kxg5 55. a6 Kf4 56. a7 c2 57.
Kxc2 1-0

[Event "Late-Titled-Tuesday-Blitz-May-28-2024"]
[Site "Chess.com"]
[Date "2024.05.28"]
[Round "6"]
[White "Bala-Afiada"]
[Black "egnfanclub"]
[Result "1-0"]
[WhiteElo "2029"]
[BlackElo "2321"]
[TimeControl "180+1"]
[EndTime "15:07:58 PDT"]
[Termination "Bala-Afiada won by resignation"]

1. d4 d5 2. c4 c6 3. Nf3 Nf6 4. g3 e6 5. Qc2 Na6 6. Bg2 Nb4 7. Qb3 dxc4 8. Qxc4 b5 9. Qb3 a5 10. a3 a4 11. Qd1 Nbd5 12. O-O Bb7 13. Nc3 Be7 14. e4 Nxc3 15. bxc3 Nxe4 16. Ne5 Nf6 17. Nxc6 Qb6 18. Nxe7 Bxg2 19. Kxg2 Qb7+ 20. Qf3 Qxf3+ 21. Kxf3 Kxe7 22. Bg5 Rhc8 23. Rfc1 Kd7 24. Bxf6 gxf6 25. Rab1 Rab8 26. Ke4 Kd6 27. Rb4 Rc4 28. f4 f5+ 29. Kd3 Kc6 30.
Rxc4+ bxc4+ 31. Kxc4 Rb3 32. Ra1 Rb2 33. h4 h5 34. Rd1 Rb3 35. d5+ exd5+ 36. Rxd5 Rxa3 37. Rxf5 Ra1 38. Rxh5 Rg1 39. Ra5 Rxg3 40. Rxa4 Rg4 41. Ra6+ Kb7 42. Rf6 Rxh4 43. Rxf7+ Kc6 44. Rf6+ Kc7 45.
Kd5 Rh1 46. c4 Rd1+ 47. Kc5 Ra1 48. Rf7+ Kd8 49. f5 Ke8 50. Rb7 Rf1 51. Kc6 Rxf5 52.
c5 Rf6+ 53. Kc7 Rf7+ 54. Kc8 Rf6 55. Rb6 Rf5 56. c6 Ra5 57. Kc7 Ke7 58. Rb7 Ke6 59. Kb8 Rc5 60. c7 1-0

[Event "Late-Titled-Tuesday-Blitz-May-28-2024"]
[Site "Chess.com"]
[Date "2024.05.28"]
[Round "6"]
[White "th3d4rkness"]
[Black "McCarthyStone"]
[Result "1-0"]
[WhiteElo "2163"]
[BlackElo "2469"]
[TimeControl "180+1"]
[EndTime "15:07:58 PDT"]
[Termination "th3d4rkness won by resignation"]

1. e4 e5 2. Nf3 Nf6 3. Nxe5 d6 4. Nf3 Nxe4 5. Qe2 Qe7 6. d3 Nf6 7. Bg5 Nbd7 8. Nc3 Qxe2+ 9. Bxe2 Be7 10. O-O-O O-O 11.
h3 b6 12. Nd4 Bb7 13. Bf3 Bxf3 14. Nxf3 Rfe8 15. Rhe1 a6 16. Nd4 h6 17. Bh4 Bf8 18. Nc6 Re6 19. Rxe6 fxe6 20. d4 Kf7 21. f4 b5 22. a3 Nb6 23. Bxf6 Kxf6 24. d5 exd5 25.
Nxd5+ Nxd5 26. Rxd5 Be7 27. g4 Ke6 28. Rd3 Kd7 29.
Ne5+ Ke6 30. Nc6 Bf6 31. c3 Kd7 32. Ne5+ Ke6 33. Nc6 Kd7 34. Ne5+ Bxe5 35. fxe5 Rf8 36. exd6 c5 37. Kc2 c4 38. Rd2 Rf3 39. h4 Rg3 40.
Rd4 Rg2+ 41. Kb1 g5 42. hxg5 hxg5 43. Ka2 Rg3 44. a4 Rd3 45. axb5 Rxd4 46. cxd4 axb5 47. Ka3 Kxd6 48. Kb4 Kc6 49. d5+ Kxd5 50. Kxb5 Kd4 51. Kb4 Kd3 52. Kc5 Ke4 53. Kxc4 Kf4 54. b4 Kxg4 55.
b5 Kf3 56. b6 g4 57. b7 g3 58. b8=Q g2 59. Qf8+ Kg3 60. Qg7+ Kh2 61. Qh6+ Kg1 62. Kd3 Kf2 63. Qf4+ Ke1 64. Qe3+ Kf1 65. Qf3+ Kg1 66. Ke2 Kh2 67. Qh5+ Kg3 68. Qg5+ Kh3 69. Kf2 g1=Q+ 70. Qxg1 1-0

[Event "Late-Titled-Tuesday-Blitz-May-28-2024"]
[Site "Chess.com"]
[Date "2024.05.28"]
[Round "6"]
[White "emeli_chess"]
[Black "ChessSwole"]
[Result "0-1"]
[WhiteElo "2420"]
[BlackElo "2677"]
[TimeControl "180+1"]
[EndTime "15:07:59 PDT"]
[Termination "ChessSwole won on time"]

1. d4 d5 2. c4 dxc4 3. Nf3 Nf6 4. e3 e6 5. Bxc4 a6 6. a4 c5 7. O-O Nc6 8. Qe2 cxd4 9. Rd1 Be7 10. exd4 O-O 11.
Nc3 Nb4 12. Bg5 b6 13. Bxf6 Bxf6 14. d5 Qe8 15. Ne4 exd5 16. Nxf6+ gxf6 17. Qxe8 Rxe8 18. Bxd5 Nxd5 19. Rxd5 Bb7 20. Rd7 Bc6 21. Rc7 Rac8 22. Rxc8 Rxc8 23. a5 bxa5 24. Rxa5 Bb5 25. h3 Rc2 26.
Nd4 Rxb2 27. Nxb5 axb5 28. Ra8+ Kg7 29. Rb8 b4 30. g3 Kg6 31. Kg2 b3 32. Rb5 f5 33.
Rb6+ Kg7 34. h4 Kf8 35. Rb7 Kg7 36. Kf3 Kf6 37. Rb5 Ke6 38. Ke3 Rb1 39. Kf4 b2 40. f3 Kd6 41. Kxf5 Kc6 42. Rb8 Kd5 43. f4 h5 44. Kf6 Ke4 45. Kxf7 Kf3 46. f5 Kxg3 47. f6 Kxh4 48. Kf8 Rf1 49. Rxb2 Rxf6+ 50. Kg7 Re6 51. Kf7 Re4 52. Kf6 Kg3 53. Rb3+ Kg4 54. Rb1 h4 55. Rg1+ Kf3 56. Kg5 h3 57. Rf1+ Kg2 58.
Rb1 Re2 59. Kg4 h2 60. Kf4 h1=Q 0-1

[Event "Late-Titled-Tuesday-Blitz-May-28-2024"]
[Site "Chess.com"]
[Date "2024.05.28"]
[Round "6"]
[White "BillCoe"]
[Black "Robert_Oros"]
[Result "1/2-1/2"]
[WhiteElo "2113"]
[BlackElo "2428"]
[TimeControl "180+1"]
[EndTime "15:07:59 PDT"]
[Termination "Game drawn - timeout vs insufficient material"]

1. e4 e6 2. d4 d5 3. Nd2 Nf6 4. e5 Nfd7 5. Bd3 c5 6. c3 Nc6 7.
Ne2 cxd4 8. cxd4 f6 9. exf6 Nxf6 10. O-O Bd6 11. Nf3 Qc7 12. Bg5 O-O 13. Bh4 Nh5 14. Bg3 Nxg3 15. hxg3 g6 16. Rc1 Qg7 17. a3 Bd7 18. b4 Kh8 19. Qd2 a6 20. Bb1 Ne7 21.
Qd3 Rac8 22. Rxc8 Rxc8 23. Ba2 Bb5 24. Qd2 Nc6 25. Re1 Ne7 26. Nf4 Bxf4 27. Qxf4 Nf5 28.
Rxe6 Bc4 29. Bb1 Nh6 30. Ng5 Rf8 31. Qd6 Nf5 32. Bxf5 gxf5 33. Nf3 f4 34. Re7 Qf6 35. Qxf6+ Rxf6 36. g4 Rb6 37. Rd7 a5 38. bxa5 Rb1+ 39. Kh2 Rb2 40. Ne5 Ba6 41. Rd8+ Kg7 42. Rd7+ Kg8 43. Rxd5 Rxf2 44. Rd6 Ra2 45. g5 Rxa3 46. g6 hxg6 47. Nxg6 Rxa5 48. d5 Ra4 49. Ne5 Rd4 50.
Rd8+ Kg7 51. d6 Rd2 52. Kh3 Bf1 53. Rd7+ Kh6 54. Rxb7 Bxg2+ 55. Kg4 Bxb7 56. Kxf4 Kg7 57. d7 Bc8 58. dxc8=Q Rf2+ 59. Ke3 Re2+ 60. Kxe2 Kf6 1/2-1/2

[Event "Late-Titled-Tuesday-Blitz-May-28-2024"]
[Site "Chess.com"]
[Date "2024.05.28"]
[Round "6"]
[White "GP9isback23"]
[Black "MeisterJabo"]
[Result "1-0"]
[WhiteElo "2685"]
[BlackElo "2495"]
[TimeControl "180+1"]
[EndTime "15:08:02 PDT"]
[Termination "GP9isback23 won by resignation"]

1. d4 Nf6 2. Nf3 e6 3. c4 d5 4. Nc3 Be7 5. Bg5 h6 6. Bh4 O-O 7. e3 b6 8. Bxf6 Bxf6 9. cxd5 exd5 10. Bd3 c5 11. O-O Bb7 12. Rc1 Nd7 13. Bb1 Rc8 14.
Qc2 g6 15. Rfd1 c4 16. Nb5 Ba6 17. Qa4 Bxb5 18. Qxb5 Nb8 19. e4 a6 20. Qxd5 Qxd5 21.
exd5 Rfd8 22. Be4 b5 23. Ne5 Bxe5 24. dxe5 Nd7 25. f4 Nc5 26. Bc2 a5 27. d6 b4 28.
Bb1 Ne6 29. g3 Rc5 30. Be4 Rdc8 31. Bd5 Nd8 32. Kf2 a4 33. Ke3 c3 34. bxc3 Rxc3+ 35. Rxc3 Rxc3+ 36. Rd3 Rc2 37. Rd2 Rc1 38. Rb2 Rd1 39.
Ke4 b3 40. axb3 a3 41. Ra2 Kg7 42. Rxa3 f5+ 43. exf6+ Kxf6 44. Ra7 Ne6 45. Bxe6 Kxe6 46. d7 Ke7 47. Ra6 g5 48. Rxh6 gxf4 49. Kxf4 Kxd7 50.
Rf6 Ke7 51. Rf5 Rb1 52. h4 Rxb3 53. g4 Rb4+ 54. Kg5 Rb8 55. h5 Rg8+ 56. Kh4 Ke6 57. h6 Rb8 58. Kh5 Rb1 59. Kg6 Rg1 60. g5 Rh1 61.
Rf6+ Ke7 62. h7 Rh2 63. Rf3 Rg2 64. h8=Q Rxg5+ 65. Kxg5 Ke6 66. Qf6+ 1-0

[Event "Late-Titled-Tuesday-Blitz-May-28-2024"]
[Site "Chess.com"]
[Date "2024.05.28"]
[Round "6"]
[White "Masterisback04"]
[Black "merinasian"]
[Result "0-1"]
[WhiteElo "2136"]
[BlackElo "2448"]
[TimeControl "180+1"]
[EndTime "15:08:02 PDT"]
[Termination "merinasian won on time"]

1. e4 d6 2. d4 Nd7 3. Nf3 g6 4. Bc4 e6 5. h4 h6 6. h5 g5 7.
c3 Bg7 8. Nfd2 a6 9. g4 b5 10. Bd3 Bb7 11. Nf1 c5 12. Be3 Ngf6 13. Ng3 cxd4 14. cxd4 Nb6 15. Nd2 Rc8 16. b3 Rc3 17. Qe2 O-O 18. f3 Nfd7 19. O-O Qc7 20. Rad1 Nb8 21.
Nb1 Rc6 22. Qf2 N6d7 23. f4 gxf4 24. Bxf4 Qd8 25. Be3 Qh4 26. Qf3 Nf6 27. Be2 Rc2 28. Rf2 Rxe2 29. Rxe2 Qxg4 30. Qxg4 Nxg4 31. Bc1 Nc6 32.
Bb2 Ne7 33. a3 d5 34. Nc3 dxe4 35. Ncxe4 Nd5 36. Nc5 Bc6 37. Rd3 Nf4 38. Red2 Nxd3 39. Rxd3 Bd5 40. b4 Nf6 41. Rd2 Rd8 42. Bc3 Nd7 43.
Bb2 Nb6 44. Rd1 Nc4 45. Bc3 Nxa3 46. Nxa6 Nc4 47. Nc5 Ne3 48. Rd3 Ng4 49. Nge4 Bc4 50. Rd2 Nf6 51. Nxf6+ Bxf6 52. Rg2+ Kh8 53. Rg4 Bg5 54.
Kf2 Ra8 55. d5+ f6 56. dxe6 Re8 57. Bd4 Bxe6 58. Ne4 Bxg4 59. Nxg5 hxg5 60. Bxf6+ Kh7 61. Bxg5 Re4 62. Bf4 Rxf4+ 63. Kg3 Rxb4 0-1

[Event "Late-Titled-Tuesday-Blitz-May-28-2024"]
[Site "Chess.com"]
[Date "2024.05.28"]
[Round "6"]
[White "ValeriyGrinev"]
[Black "Timurist"]
[Result "1/2-1/2"]
[WhiteElo "2577"]
[BlackElo "2399"]
[TimeControl "180+1"]
[EndTime "15:08:05 PDT"]
[Termination "Game drawn by stalemate"]

1. d4 f5 2. c4 e6 3. Nf3 Nf6 4.
g3 c6 5. Bg2 d5 6. O-O Bd6 7. b3 Qe7 8. a4 a5 9. Ba3 Na6 10.
Bxd6 Qxd6 11. Nbd2 O-O 12. Qc2 Bd7 13. Qb2 Be8 14. Ne5 Ne4 15. e3 Nb4 16. Nxe4 fxe4 17. f3 exf3 18. Bxf3 Bg6 19. c5 Qe7 20. Qd2 Qg5 21.
Rf2 Be4 22. Raf1 Bxf3 23. Rxf3 Rxf3 24. Rxf3 Rf8 25. Qf2 Rxf3 26. Qxf3 Qf5 27. Qe2 g5 28. Qh5 Kg7 29. h4 Qb1+ 30. Kh2 Qc2+ 31. Kh3 Qf5+ 32. Ng4 gxh4 33. Qh6+ Kf7 34. Kxh4 Nd3 35. Ne5+ Nxe5 36. dxe5 Qxe5 37. Qxh7+ Qg7 38. Qxg7+ Kxg7 39. Kg5 Kf7 40. g4 Kg7 41. Kf4 Kf6 42. g5+ Kg6 43. Ke5 Kxg5 44. Kxe6 Kg4 45. Kd6 Kf3 46. Kc7 Kxe3 47. Kxb7 d4 48.
Kxc6 d3 49. Kb7 d2 50. c6 d1=Q 51. c7 Qxb3+ 52. Ka8 Qd5+ 53. Kb8 Qd6 54. Kb7 Qd5+ 55. Kb8 Qb3+ 56. Ka7 Qf7 57. Kb8 Qe8+ 58. c8=Q Qxc8+ 59. Kxc8 Kd4 60. Kb7 Kc4 61. Kc6 Kb4 62. Kd5 Kxa4 63.
Kc4 Ka3 64. Kc3 a4 65. Kc2 Ka2 66. Kc1 a3 67. Kc2 Ka1 68. Kc1 a2 69. Kc2 1/2-1/2